 Dungeon Crawl Stone Soup version 0.16-a0-286-g6bac339 (webtiles) character file.

3936 Kashira the Markscentaur (level 10, 0/72 (73) HPs)
             Began as a Centaur Hunter on Aug 27, 2014.
             Was a Follower of Okawaru.
             Succumbed to a water moccasin's poison
             ... on Level 8 of the Dungeon on Aug 28, 2014.
             The game lasted 01:31:03 (9442 turns).

Kashira the Markscentaur (Centaur Hunter)           Turns: 9442, Time: 01:31:03

HP   0/72 (73)   AC  7     Str 15      XL: 10   Next:  1%
MP   6/7         EV 13     Int 10      God: Okawaru [*.....]
Gold 261         SH  0     Dex 13      Spells:  0 memorised,  9 levels left

rFire  . . .     SeeInvis +     a - +0 short sword
rCold  . . .     Clarity  .     d - +1 leather armour
rNeg   . . .     rCorr    .     (no shield)
rPois  .         rRot     .     (no helmet)
rElec  .         Spirit   .     (no cloak)
SustAb +         Warding  .     y - +0 pair of gloves "Kiusis" {+Blink SInv}
rMut   .         Stasis   .     (no barding)
Gourm  +                        s - amulet of the gourmand
MR     .....                    H - ring of wizardry
                                w - ring of sustain abilities

@: lethally poisoned, heroism, very quick, not resistant to hostile
enchantments, unstealthy
A: hooves 3, deformed body, speed 2, tough skin 3
a: Heroism, Renounce Religion, Evoke Blink


You were on level 8 of the Dungeon.
You worshipped Okawaru.
Okawaru was aware of your devotion.
You were hungry.

You visited 2 branches of the dungeon, and saw 10 of its levels.
You also visited: Sewer.

You collected 261 gold pieces.

Inventory:

Hand weapons
 a - a +0 short sword (weapon)
 b - a +3 shortbow
 q - a +0 hunting sling
 E - a +0 blowgun
 F - a +0 dagger
 G - a cursed -3 whip
 P - a +0 club
Missiles
 i - 11 sling bullets
 k - a tomahawk of returning (quivered)
 A - 4 tomahawks
Armour
 d - a +1 leather armour (worn)
 h - a +0 buckler
 y - the +0 pair of gloves "Kiusis" (worn) {+Blink SInv}
   (You found it on level 6 of the Dungeon)

   It enhances your eyesight.
   It lets you blink.
Magical devices
 c - a wand of slowing (13)
 o - a wand of magic darts (7)
 B - a wand of random effects (8)
Comestibles
 f - 3 bread rations
 v - a meat ration
 z - 2 beef jerkies
 C - 2 slices of pizza
 Q - 26 fruits
Scrolls
 g - 2 scrolls of teleportation
 n - 5 scrolls of remove curse
 r - 4 scrolls of amnesia
 I - a scroll of recharging {unknown}
Jewellery
 e - an uncursed ring of stealth {unknown}
 s - an amulet of the gourmand (around neck)
 t - a +2 ring of slaying {unknown}
 w - a ring of sustain abilities (left hand)
 x - an uncursed ring of see invisible {unknown}
 H - a ring of wizardry (right hand)
Potions
 j - a potion of agility
 p - 2 potions of resistance
 N - 3 potions of brilliance
Books
 M - a book of Flames

   Spells                             Type                      Level
   Flame Tongue                       Conjuration/Fire             1
   Throw Flame                        Conjuration/Fire             2
   Conjure Flame                      Conjuration/Fire             3
   Inner Flame                        Hexes/Fire                   3
   Sticky Flame                       Conjuration/Fire             4
   Fireball                           Conjuration/Fire             5


   Skills:
 + Level 1.8(6.8) Fighting
 + Level 0.5(5.5) Short Blades
 + Level 1.0(7.0) Slings
 + Level 16.0(21.0) Bows
 + Level 3.1(8.3) Throwing
 + Level 2.7(7.7) Armour
 + Level 3.4(8.4) Dodging
 + Level 1.2(6.2) Stealth
 + Level 0.2 Evocations


You had 9 spell levels left.
You didn't know any spells.

Dungeon Overview and Level Annotations

Branches:
Dungeon (9/15)             Temple (1/1) D:4            Lair (0/8) D:9
    Orc: D:9-12

Altars:
Ashenzari
Cheibriados
Elyvilon
Fedhas
Kikubaaqudgha
Makhleb
Nemelex Xobeh
Okawaru
Qazlal
Sif Muna
Trog
Vehumet
Xom
Yredelemnul
Zin

Shops:
D:5 %:   D:9 !

Annotations:
D:3 Sigmund


Innate Abilities, Weirdness & Mutations

You have hooves in place of feet.
Armour fits poorly on your strangely shaped body.
You cover ground very quickly.
You have extremely tough skin (AC +3).


Message History

Read which item? (? for menu, Esc to quit)
Okay, then.
Drink which item? (? for menu, Esc to quit)
Okay, then.
You completely miss the water moccasin. Your kick misses the water moccasin.
The water moccasin is heavily wounded.
You feel sick.
The water moccasin bites you but does no damage.
You miss the water moccasin. Your kick misses the water moccasin.
The water moccasin is heavily wounded.
You feel sick. The water moccasin bites you.
* * * LOW HITPOINT WARNING * * *
* * * LOW HITPOINT WARNING * * *
You feel sick.
You hit the water moccasin. Your kick misses the water moccasin.
The water moccasin is heavily wounded.
The water moccasin bites you.
* * * LOW HITPOINT WARNING * * *
Your surroundings suddenly seem different.
You die...

###..##### ###
###........###
##.####
.............#
#......
#............#
#...#.#
#............##
#...###
#..##.........##
#....#
##.#####.......##
#....# #..#
#######..###
#....## ##)#
##.@.## #......
#.## ##...##
#.[..## #.)#
##...## ###..###
# ##.####
##..[####.[### ##
#.##.##
##...##.)## ###
.###..#..##
##....######.#
..###.#...#
##..#.......#
...##.....#
##.....)....#
...##.....#
##...........#


There were no monsters in sight!

Vanquished Creatures
  A troll (D:8)
  2 yaks
  A hungry ghost (D:7)
  A sky beast (D:8)
  3 orc warriors (D:6)
  3 ogres
  2 black bears
  5 ice beasts
  2 necrophages
  4 porcupines
  2 crocodiles
  3 giant frogs
  A big kobold (D:7)
  3 wights (D:8)
  A crimson imp (D:8)
  A giant frog skeleton (D:8)
  3 orc priests
  2 hounds
  2 jellies
  5 orc wizards
  6 worker ants
  An elf skeleton (D:8)
  3 iguanas
  An ogre skeleton (D:7)
  A hound zombie (D:7)
  3 gnolls (D:8)
  5 adders
  3 giant mites
  4 green rats (D:9)
  2 worms
  An iguana zombie (D:8)
  2 giant geckos
  2 oozes
  28 orcs
  11 bats
  5 giant cockroaches
  8 goblins
  8 hobgoblins
  3 jackals (D:7)
  5 quokkas
  35 giant newts
  A giant newt skeleton (D:4)
  A hobgoblin skeleton (D:4)
  16 kobolds
  A kobold zombie (D:7)
  2 orc skeletons (D:5)
  16 rats
  A rat zombie (D:5)
222 creatures vanquished.

Vanquished Creatures (others)
  A goblin (D:4)
  A fungus (D:9)
  3 plants (D:9)
5 creatures vanquished.

Grand Total: 227 creatures vanquished

Notes
Turn   | Place    | Note
--------------------------------------------------------------
     0 | D:1      | Kashira, the Centaur Hunter, began the quest for the Orb.
     0 | D:1      | Reached XP level 1. HP: 16/16 MP: 1/1
    92 | D:1      | Reached XP level 2. HP: 23/23 MP: 2/2
   130 | D:1      | Reached skill level 6 in Bows
   422 | D:2      | Reached XP level 3. HP: 23/28 MP: 3/3
   591 | D:2      | Found a sparkling altar of Nemelex Xobeh.
   916 | D:2      | Found an ancient bone altar of Kikubaaqudgha.
  1008 | D:3      | Noticed Sigmund
  1666 | D:4      | Reached skill level 7 in Bows
  1709 | D:3      | HP: 1/28 [poisoned by a worker ant]
  2053 | D:4      | Reached XP level 4. HP: 35/35 MP: 3/3
  2367 | D:4      | Found a staircase to the Ecumenical Temple.
  2377 | Temple   | Entered the Ecumenical Temple
  2969 | D:5      | Entered Level 5 of the Dungeon
  2975 | D:5      | Reached XP level 5. HP: 40/40 MP: 4/4
  2993 | D:5      | Found Midouf's Book Shop.
  3028 | D:5      | Found Aqumit's Food Boutique.
  3116 | D:5      | Reached skill level 8 in Bows
  3279 | D:5      | Found a stormy altar of Qazlal.
  3412 | D:5      | Reached skill level 1 in Armour
  3447 | D:5      | Noticed an ogre
  3476 | D:5      | Killed an ogre
  3476 | D:5      | Reached skill level 9 in Bows
  3476 | D:5      | Reached XP level 6. HP: 47/47 MP: 5/5
  3524 | D:5      | Found a bloodstained altar of Trog.
  3844 | D:5      | Noticed an ogre
  3883 | D:5      | Killed an ogre
  3883 | D:5      | Reached skill level 10 in Bows
  3883 | D:5      | Reached skill level 1 in Stealth
  3883 | D:5      | Reached XP level 7. HP: 44/52 MP: 5/5
  4356 | D:6      | Found a glowing drain.
  4367 | Sewer    | Entered a sewer
  4451 | Sewer    | Reached skill level 11 in Bows
  4639 | D:6      | Found a shimmering altar of Xom.
  4976 | D:6      | Got a pair of jewelled gloves
  4982 | D:6      | Identified the +0 pair of gloves "Kiusis" {+Blink SInv} (You found it on level 6 of the Dungeon)
  5021 | D:6      | Found a white marble altar of Elyvilon.
  5087 | D:6      | Reached XP level 8. HP: 59/59 MP: 6/6
  5261 | D:6      | Reached skill level 12 in Bows
  5567 | D:7      | Reached skill level 13 in Bows
  6003 | D:7      | Upgraded the game from 0.16-a0-282-ga87e286 to 0.16-a0-286-g6bac339
  6298 | D:8      | Reached skill level 14 in Bows
  6411 | D:8      | Found a blossoming altar of Fedhas.
  6447 | D:8      | Reached XP level 9. HP: 39/63 MP: 7/7
  6837 | D:8      | Found an iron altar of Okawaru.
  6845 | D:8      | Became a worshipper of Warmaster Okawaru
  7058 | D:8      | Found a shattered altar of Ashenzari.
  7480 | D:8      | Reached skill level 15 in Bows
  7997 | D:9      | Found Klouffiom's Distillery.
  8051 | D:9      | Acquired Okawaru's first power
  8221 | D:9      | Found a staircase to the Lair.
  8485 | D:9      | Reached skill level 1 in Throwing
  8666 | D:8      | Reached skill level 16 in Bows
  9274 | D:8      | Reached skill level 1 in Slings
  9274 | D:8      | Reached XP level 10. HP: 60/72 MP: 7/7
  9441 | D:8      | HP: 1/72 [water moccasin (3)]
  9442 | D:8      | Succumbed to a water moccasin's poison

Action                   |  1- 3 |  4- 6 |  7- 9 | 10-12 || total
-------------------------+-------+-------+-------+-------++-------
Melee: Short sword       |    25 |       |    63 |    14 ||   102
       Dagger            |       |       |    21 |       ||    21
 Fire: Shortbow          |   117 |   122 |   439 |     2 ||   680
       Blowgun           |       |     2 |    31 |       ||    33
       Hunting sling     |       |       |    11 |       ||    11
Throw: Tomahawk          |       |       |    26 |       ||    26
Invok: Heroism           |       |       |     1 |     1 ||     2
 Abil: Evoke Blink       |       |       |     2 |     3 ||     5
Evoke: Wand              |       |       |     2 |       ||     2
  Use: Scroll            |     5 |     2 |     8 |     1 ||    16
       Potion            |     1 |       |     9 |     1 ||    11
  Eat: Bread ration      |     1 |       |     1 |       ||     2
       Chunk             |       |     2 |     9 |       ||    11
